 Dungeon Crawl Stone Soup version 0.19-a0-1580-g8817a36 (webtiles) character file.

46 GordonOverkill the Conjurer (level 3, -2/21 HPs)
             Began as an Octopode Wizard on Sept 16, 2016.
             Slain by an adder (3 damage)
             ... on level 2 of the Dungeon.
             The game lasted 00:07:37 (1504 turns).

GordonOverkill the Conjurer (Octopode Wizard)       Turns: 1504, Time: 00:07:38

Health: -2/21      AC:  1    Str:  6    XL:     3   Next: 68%
Magic:  1/7        EV: 13    Int: 21    God:
Gold:   73         SH:  0    Dex:  8    Spells: 4 memorised, 0 levels left

rFire  . . .     SeeInvis .     e - +0 club (curse)
rCold  . . .     Gourm    .     (no shield)
rNeg   . . .     Faith    .     a - +0 hat
rPois  .         Spirit   .     (no amulet)
rElec  .         Dismiss  .     m - ring of flight (curse)
rCorr  .         Reflect  .     (no ring)
MR     .....     Harm     .     (no ring)
Stlth  +++.......               (no ring)
                                (no ring)
                                (no ring)
                                (no ring)
                                (no ring)

@: lethally poisoned (-2 -> -9)
A: almost no armour, stealthy swim, amphibious, 8 rings, constrict 8, tentacle
spike 1, camouflage 1, clumsy 1, wild magic 1, gelatinous body 1
a: Evoke Flight


You were on level 2 of the Dungeon.
You were not hungry.

You visited 1 branch of the dungeon, and saw 2 of its levels.

You collected 73 gold pieces.

Inventory:

Hand Weapons
 e - a cursed +0 club (weapon)
 g - a +0 dagger
Armour
 a - a +0 hat (worn)
Jewellery
 m - a cursed ring of flight (left tentacle)
Scrolls
 d - 2 scrolls of teleportation {unknown}
 i - a scroll of identify {unknown}
 k - a scroll of random uselessness {unknown}
Potions
 h - a potion of cancellation
Books
 b - a book of Minor Magic

   Spells                             Type                      Level
   a - Magic Dart                     Conjuration                  1
   b - Blink                          Translocation                2
   c - Call Imp                       Summoning                    2
   d - Repel Missiles                 Charms/Air                   2
   e - Slow                           Hexes                        2
   f - Conjure Flame                  Conjuration/Fire             3
   g - Mephitic Cloud                 Conjuration/Poison/Air       3
Comestibles
 c - a bread ration
 l - a meat ration


   Skills:
 - Level 2.0 Dodging
 - Level 2.6 Stealth
 - Level 3.0 Spellcasting
 + Level 3.4 Conjurations
   Level 1.0 Summonings
 - Level 1.0 Translocations


You couldn't memorise any spells.
You knew the following spells:

 Your Spells              Type           Power        Failure   Level  Hunger
a - Magic Dart            Conj           ###.         6%          1    None
b - Blink                 Tloc           N/A          21%         2    ##.....
c - Conjure Flame         Conj/Fire      ##......     32%         3    ###....
d - Repel Missiles        Chrm/Air       #.....       28%         2    ##.....


Dungeon Overview and Level Annotations

Branches:
Dungeon (2/15)

Altars:


Innate Abilities, Weirdness & Mutations

You cannot wear most types of armour.
You are very stealthy in the water.
You are amphibious.
You can wear up to eight rings at the same time.
You can use your tentacles to constrict eight enemies at once.
Your skin changes colour to match your surroundings (Stealth+).
Your rubbery body absorbs attacks. (AC +1, EV +1)
One of your tentacles bears a spike.
You are clumsy. (Dex -2)
Your spells are a little harder to cast, but a little more powerful.


Message History

You feel sick.
You are no longer poisoned.
The adder barely misses you.
Casting: Magic Dart
Confirm with . or Enter, or press ? or * to list all spells.
Aiming: Magic Dart
Press: ? - help, Shift-Dir - straight line, f/p - adder
Aim: an adder The magic dart hits the adder.
The adder is lightly wounded.
The adder closely misses you. The adder bites you.
* * * LOW HITPOINT WARNING * * *
The adder bites you.
* * * LOW HITPOINT WARNING * * *
You are lethally poisoned!
The adder poisons you!
* * * LOW HITPOINT WARNING * * *
You feel sick. The adder bites you.
You die...

............#
............#
..(.........#
............#
............#
............#
....#.....#.#####
#####...###.....#########
#.#........S@.......#
#.#.....###.#######.#
#.#.....# #.# #.#
#.......# #.# #.#
##......# #.# #.#
#......# #.# #.# ##.....#
#[# #.# #...### #.# #.#
##...# #.# #.#


You could see an adder.

Vanquished Creatures
  An adder (D:2)
  2 dart slugs
  A ball python (D:1)
  5 bats
  5 goblins
  4 hobgoblins
  8 kobolds
  A quokka (D:2)
  2 frilled lizards (D:1)
  A rat (D:1)
30 creatures vanquished.

Notes
Turn   | Place    | Note
-------+----------+-------------------------------------------
     0 | D:1      | GordonOverkill the Octopode Wizard began the quest for the Orb.
     0 | D:1      | Reached XP level 1. HP: 11/11 MP: 4/4
   213 | D:1      | Reached XP level 2. HP: 17/17 MP: 4/6
   794 | D:1      | Reached XP level 3. HP: 21/21 MP: 4/7
   911 | D:1      | Learned a level 2 spell: Blink
   915 | D:1      | Learned a level 3 spell: Conjure Flame
   918 | D:1      | Learned a level 2 spell: Repel Missiles
  1490 | D:2      | Gained mutation: Your spells are a little harder to cast, but a little more powerful. [potion of mutation]
  1490 | D:2      | Gained mutation: You are clumsy. (Dex -2) [potion of mutation]
  1490 | D:2      | Gained mutation: One of your tentacles bears a spike. [potion of mutation]
  1503 | D:2      | HP: 1/21 [poisoned by an adder]
  1504 | D:2      | Slain by an adder

Vault maps used:
D:1:      erik_arrival_triangle_medium

Skill      XL: |  1  2  3 |
---------------+----------+-----
Conjurations   | 2 3 |  3.4
Dodging        | |  2.0
Stealth        | |  2.6
Spellcasting   | |  3.0
Summonings     | |  1.0
Translocations | |  1.0

Action                   || total
-------------------------++-------
Melee: Club              ||     4
       Constrict         ||     1
       Tentacles         ||     1
 Cast: Magic Dart        ||    68
       Blink             ||     2
       Repel Missiles    ||     1
  Use: Potion            ||     2
  Eat: Chunk             ||     2
Armor: Skin              ||     3
Dodge: Dodged            ||    12
